 Dungeon Crawl Stone Soup version 0.29.1-15-g9cfb28693d (webtiles) character file.

Game seed: 14619580065868572202

85806 nightchill the Warrior (level 15, -4/147 HPs)
             Began as a Minotaur Fighter on Mar 7, 2023.
             Was a Believer of Uskayaw.
             Slain by an eight-headed hydra (6 damage)
             ... on level 13 of the Dungeon.
             The game lasted 00:53:30 (28964 turns).

nightchill the Warrior (Minotaur Fighter)          Turns: 28964, Time: 00:53:30

Health: -4/147     AC: 13    Str: 28    XL:     15   Next: 39%
Magic:  26/26      EV:  9    Int:  5    God:    Uskayaw [**....]
Gold:   386        SH: 14    Dex: 10    Spells: 14/14 levels left

rFire   + . .      SeeInvis +   M - +3 morningstar
rCold   . . .      Faith    +   R - +2 kite shield
rNeg    . . .      Spirit   .   L - +1 scale mail {rPois}
rPois   +          Reflect  .   (helmet restricted)
rElec   .          Harm     .   X - +0 cloak
rCorr   .          Rampage  .   c - +2 pair of gloves
Will    +....                   F - +0 pair of boots
Stlth   ..........              w - amulet of faith
HPRegen 0.34/turn               U - ring of protection from fire
MPRegen 0.20/turn               r - ring of see invisible

@: studying Invocations
A: horns 2, retaliatory headbutt
a: Renounce Religion, Stomp, Line Pass


You were on level 13 of the Dungeon.
You worshipped Uskayaw.
Uskayaw was most pleased with you.
You visited 4 branches of the dungeon, and saw 21 of its levels.
You visited 1 bazaar.

You collected 1949 gold pieces.
You spent 1563 gold pieces at shops.

Inventory:

Hand Weapons
 a - a +3 war axe of venom
 u - a +4 war axe
 M - a +3 morningstar (weapon)
Missiles
 e - 3 throwing nets (quivered)
 t - 4 curare-tipped darts
 H - 7 atropa-tipped darts
Armour
 c - a +2 pair of gloves (worn)
 F - a +0 pair of boots (worn)
 L - a +1 scale mail of poison resistance (worn)
 R - a +2 kite shield (worn)
 X - a +0 cloak (worn)
Magical Staves
 T - a staff of air
Jewellery
 r - a ring of see invisible (right hand)
 w - an amulet of faith (around neck)
 x - a ring of flight
 P - a ring of positive energy
 U - a ring of protection from fire (left hand)
 V - a ring of poison resistance
Wands
 d - a wand of paralysis (31)
 A - a wand of flame (11)
 E - a wand of polymorph (4)
 Y - a wand of light (8)
 Z - a wand of mindburst (10)
Scrolls
 b - 2 scrolls of vulnerability
 f - 7 scrolls of enchant armour
 g - 2 scrolls of magic mapping
 h - 6 scrolls of fear
 k - a scroll of summoning {unknown}
 n - 8 scrolls of teleportation
 o - a scroll of butterflies
 p - 5 scrolls of immolation
 s - a scroll of silence
 v - a scroll of identify
 y - 5 scrolls of enchant weapon
 D - 2 scrolls of noise
 G - a scroll of brand weapon {unknown}
 I - 2 scrolls of blinking
 N - 3 scrolls of poison
 W - a scroll of torment {unknown}
Potions
 i - 6 potions of brilliance
 j - 4 potions of might
 l - 7 potions of haste
 m - 4 potions of attraction
 q - 4 potions of resistance
 z - 5 potions of heal wounds
 B - 2 potions of cancellation
 C - 9 potions of curing
 J - a potion of flight
 K - a potion of ambrosia
 O - 3 potions of mutation
 Q - a potion of lignification {unknown}
 S - 2 potions of berserk rage


   Skills:
 + Level 17.5 Fighting
 - Level 16.0(16.1) Axes
 - Level 2.9(10.8) Polearms
 * Level 3.9 Armour
 * Level 1.0 Dodging
 - Level 15.0 Shields
 + Level 16.3 Invocations


You had 14 spell levels left.
You didn't know any spells.
Your spell library contained the following spells:

 Spells                   Type           Power      Damage    Failure   Level
 Apportation              Tloc           0%         N/A       89%         1
 Necrotise                Necr           0%         1d4       89%         1
 Scorch                   Fire           0%         2d5       96%         2
 Sublimation of Blood     Necr           0%         N/A       96%         2
 Gell's Gravitas          Tloc           0%         N/A       99%         3
 Ignite Poison            Fire/Tmut/Pois 0%         N/A       99%         3
 Mephitic Cloud           Conj/Pois/Air  0%         N/A       99%         3
 Teleport Other           Tloc           0%         N/A       99%         3
 Vampiric Draining        Necr           0%         2d6       99%         3
 Animate Armour           Summ/Erth      0%         N/A       100%        4
 Flame Wave               Conj/Fire      0%         2d4       100%        4
 Petrify                  Tmut/Erth      0%         N/A       100%        4
 Summon Ice Beast         Ice/Summ       0%         N/A       100%        4
 Agony                    Necr           0%         N/A       100%        5
 Alistair's Intoxication  Tmut/Pois      0%         N/A       100%        5
 Blade Hands              Tmut           0%         N/A       100%        5
 Freezing Cloud           Conj/Ice/Air   0%         6-21      100%        5
 Irradiate                Conj/Tmut      0%         3d11      100%        5
 Summon Forest            Summ/Tloc      0%         N/A       100%        5
 Summon Mana Viper        Hex/Summ       0%         N/A       100%        5
 Dispersal                Tloc           0%         N/A       100%        6
 Eringya's Noxious Bog    Tmut/Pois      0%         N/A       100%        6
 Iron Shot                Conj/Erth      0%         9d1       100%        6
 Summon Cactus Giant      Summ           0%         N/A       100%        6
 Malign Gateway           Summ/Tloc      0%         N/A       100%        7
 Monstrous Menagerie      Summ           0%         N/A       100%        7
 Summon Hydra             Summ           0%         N/A       100%        7
 Summon Horrible Things   Summ           0%         N/A       100%        8


Dungeon Overview and Level Annotations

Branches:
Dungeon (14/15)            Temple (1/1) D:6            Lair (4/5) D:8
 Shoals (0/4) Lair:3        Snake (0/4) Lair:2          Orc (2/2) D:9
    Elf (0/3) Orc:2        Vaults (0/5) D:13
  Slime: Lair:4-5

Altars:
Ashenzari
Cheibriados
Dithmenos
Elyvilon
Fedhas
Gozag
Hepliaklqana
Kikubaaqudgha
Makhleb
Nemelex Xobeh
Okawaru
Qazlal
Ru
Sif Muna
Trog
Uskayaw
Vehumet
Wu Jian
Xom
Yredelemnul
Zin
The Shining One

Shops:
D:3 =   D:9 [   D:10 [   Orc:1 :   Orc:2 [[(!

Annotations:
D:6 2 transporters, 1 exclusion, ponobo's ghost, novice GnFE
D:11 1 exclusion
Lair:1 1 runed translucent door, MrClown's ghost, journeyman DsNe
Lair:4 1 runed translucent door, exclusion: oklob plant, Benucw's ghost, journeyman DEFE


Innate Abilities, Weirdness & Mutations

You have a pair of horns on your head.
You reflexively headbutt those who attack you in melee.


Message History

You can now pass through a line of other dancers.
You puncture the eight-headed hydra! You headbutt the eight-headed hydra!
The eight-headed hydra is severely wounded.
The eight-headed hydra bites you!
* * * LOW HITPOINT WARNING * * *
You block the eight-headed hydra's attack.
The eight-headed hydra bites you but does no damage.
You block the eight-headed hydra's attack.
The eight-headed hydra bites you!
* * * LOW HITPOINT WARNING * * *
The eight-headed hydra bites you but does no damage.
The eight-headed hydra bites you!
* * * LOW HITPOINT WARNING * * *
The eight-headed hydra bites you!
* * * LOW HITPOINT WARNING * * *
You hit the eight-headed hydra. You headbutt the eight-headed hydra!
The eight-headed hydra is almost dead.
You block the eight-headed hydra's attack. x2
The eight-headed hydra bites you but does no damage.
The eight-headed hydra bites you.
* * * LOW HITPOINT WARNING * * *
The eight-headed hydra bites you.
* * * LOW HITPOINT WARNING * * *
You block the eight-headed hydra's attack.
The eight-headed hydra bites you.
* * * LOW HITPOINT WARNING * * *
You block the eight-headed hydra's attack.
The eight-headed hydra bites you.
* * * LOW HITPOINT WARNING * * *
The eight-headed hydra barely misses you.
The eight-headed hydra bites you but does no damage.
The eight-headed hydra bites you!
* * * LOW HITPOINT WARNING * * *
The eight-headed hydra bites you!
* * * LOW HITPOINT WARNING * * *
The eight-headed hydra bites you but does no damage.
The eight-headed hydra bites you.
* * * LOW HITPOINT WARNING * * *
The eight-headed hydra bites you.
You die...

### ####
#####.#######..# #
####...........#.## ##
##................#
.####................##
...........<.........#
.##.................##
####............@....#
# #............D....##
##...<..........#..#
##.........."..##.##
##............###.#
###..........# ###
##.........#
###......## ###...##


You could see an eight-headed hydra.

Vanquished Creatures
  Jorgrun (D:13)
  Kirke (D:12)
  An orc warlord (Orc:2)
  Nessos (Orc:2)
  A vault guard (D:13)
  5 boulder beetles
  Erolcha (Orc:2)
  2 catoblepae (Lair:3)
  A rakshasa (D:13)
  An ogre mage (D:13)
  7 two-headed ogres
  4 centaur warriors
  13 death yaks
  3 tengu warriors (D:13)
  An orc high priest (Orc:1)
  Urug (D:12)
  2 orc knights
  3 deep elf pyromancers
  Pikel (D:5)
  2 ugly things
  3 orc sorcerers
  4 manticores
  6 cyclopes
  A merfolk siren (Lair:3)
  3 black mambas
  25 elephants
  3 cane toads
  An unseen horror (D:10)
  A kobold demonologist (D:10)
  A rime drake (shapeshifter) (D:13)
  3 rime drakes
  4 komodo dragons
  An efreet (D:14)
  A tengu conjurer (D:13)
  A queen bee (shapeshifter) (D:13)
  5 trolls
  3 polar bears
  3 merfolk (Lair:3)
  9 blink frogs
  A blink frog (shapeshifter) (D:13)
  9 slime creatures
  11 dream sheep
  58 yaks
  2 wraiths
  2 shadows
  4 water elementals (D:10)
  2 wyverns
  4 hogs (D:12)
  4 basilisks
  A human (D:10)
  7 vampire mosquitoes
  5 nagas (Lair:2)
  4 wargs
  2 acid dragons (D:11)
  9 water moccasins
  25 orc warriors
  An ice beast (D:6)
  8 black bears
  A sky beast (D:7)
  4 ogres
  4 wolves
  4 boggarts (Lair:3)
  5 centaurs
  A lemure (D:5)
  3 phantoms
  A kobold brigand (D:8)
  8 bullfrogs
  4 necrophages
  5 gnoll sergeants
  4 scorpions
  15 wights
  12 killer bees
  13 electric eels
  3 howler monkeys
  13 orc priests
  3 hounds
  5 iguanas
  25 orc wizards
  26 gnolls
  3 adders
  2 shadow imps
  A white imp (D:5)
  An ufetubus (D:6)
  5 worms
  5 dart slugs
  93 orcs
  7 endoplasms
  A giant cockroach (D:1)
  10 goblins
  8 hobgoblins
  A quokka (D:2)
  2 ball pythons (D:4)
  6 bats
  3 frilled lizards (D:1)
  14 kobolds
610 creatures vanquished.

Vanquished Creatures (others)
  A vampire mosquito (D:14)
  A centaur (D:10)
  An orc wizard (Orc:2)
  An orc (Orc:1)
  17 fungi
  60 plants
  2 withered plants (Lair:4)
83 creatures vanquished.

Grand Total: 693 creatures vanquished

Notes
Turn   | Place    | Note
-------+----------+-------------------------------------------
     0 | D:1      | nightchill the Minotaur Fighter began the quest for the
                  | Orb.
     0 | D:1      | Reached XP level 1. HP: 19/19 MP: 0/0
   126 | D:1      | Reached skill level 4 in Fighting
   158 | D:1      | Reached XP level 2. HP: 26/27 MP: 1/1
  1360 | D:2      | Reached XP level 3. HP: 29/34 MP: 2/2
  2021 | D:3      | Found a broken altar of Ashenzari.
  2195 | D:3      | Found an iron altar of Okawaru.
  2280 | D:3      | Reached XP level 4. HP: 40/41 MP: 3/3
  2325 | D:3      | Reached skill level 5 in Fighting
  2392 | D:3      | You fall into a shaft and drop 2 floors!
  2392 | D:5      | Entered Level 5 of the Dungeon
  2402 | D:5      | Noticed a lemure
  2402 | D:5      | Noticed a lemure
  2403 | D:5      | Noticed a lemure
  2403 | D:5      | Noticed Pikel
  2403 | D:5      | Noticed a lemure
  2407 | D:5      | Noticed a necrophage
  2422 | D:5      | Noticed a phantom
  2430 | D:5      | Killed a phantom
  2431 | D:5      | Reached XP level 5. HP: 33/48 MP: 4/4
  2432 | D:5      | Killed a lemure
  2439 | D:5      | Reached skill level 6 in Fighting
  2439 | D:5      | Reached skill level 5 in Axes
  2439 | D:5      | Killed Pikel
  2440 | D:5      | Reached skill level 7 in Fighting
  2440 | D:5      | Reached XP level 6. HP: 33/61 MP: 5/5
  2440 | D:5      | Reached XP level 7. HP: 36/67 MP: 6/6
  2681 | D:3      | Found Inaradghawk's Jewellery Shoppe.
  3006 | D:4      | Reached skill level 8 in Fighting
  3045 | D:4      | Found an ancient bone altar of Kikubaaqudgha.
  4206 | D:5      | Reached XP level 8. HP: 67/75 MP: 7/7
  4693 | D:5      | Reached skill level 9 in Fighting
  5861 | D:6      | Reached skill level 10 in Fighting
  5916 | D:6      | Reached skill level 10 in Axes
  6255 | D:6      | Found a transporter.
  6260 | D:6      | Found a transporter.
  6260 | D:6      | Noticed ponobo's ghost (novice GnFE)
  6262 | D:6      | Reached XP level 9. HP: 86/86 MP: 8/8
  6288 | D:6      | Found a staircase to the Ecumenical Temple.
  6302 | Temple   | Entered the Ecumenical Temple
  6380 | Temple   | Became a worshipper of Elyvilon the Healer
  6515 | D:7      | Noticed a +0 hand axe
  6515 | D:7      | Noticed a +0 hand axe
  6698 | D:6      | Reached skill level 1 in Invocations
  7258 | D:7      | Reached skill level 11 in Fighting
  7508 | D:6      | HP: 3/80 [wight/+3 battleaxe of freezing (8)]
  7508 | D:6      | HP: 1/80 [wight/+3 battleaxe of freezing (2)]
  8004 | D:7      | Found a hide-covered altar of Uskayaw.
  8440 | D:7      | Fell from the grace of Elyvilon
  8440 | D:7      | Became a worshipper of Uskayaw the Reveller
  8580 | D:7      | Reached * piety under Uskayaw
  8993 | D:8      | Reached ** piety under Uskayaw
  9008 | D:8      | Reached *** piety under Uskayaw
  9324 | D:8      | Reached **** piety under Uskayaw
  9329 | D:8      | Reached ***** piety under Uskayaw
  9484 | D:8      | Noticed an elephant
  9503 | D:8      | Reached skill level 12 in Fighting
  9506 | D:8      | Killed an elephant
  9507 | D:8      | Reached XP level 10. HP: 33/97 MP: 4/12
  9759 | D:8      | Found a staircase to the Lair.
 10201 | D:8      | Reached skill level 5 in Invocations
 10788 | D:9      | Reached XP level 11. HP: 103/103 MP: 12/18
 11101 | D:9      | Found Coerphihi's Antique Armour Shop.
 11307 | D:9      | Found a blossoming altar of Fedhas.
 11397 | D:9      | Found a staircase to the Orcish Mines.
 11437 | D:9      | Noticed a two-headed ogre
 11446 | D:9      | Killed a two-headed ogre
 11961 | D:9      | Found a sacrificial altar of Ru.
 11962 | D:9      | Found an opulent altar of Gozag.
 11965 | D:9      | Found a shimmering altar of Xom.
 12354 | Lair:1   | Entered Level 1 of the Lair of Beasts
 12402 | Lair:1   | Reached skill level 13 in Fighting
 12974 | Lair:1   | Found a runed translucent door.
 12974 | Lair:1   | Noticed MrClown's ghost (journeyman DsNe)
 12974 | Lair:1   | Noticed an eight-headed hydra
 13058 | Lair:1   | Reached XP level 12. HP: 102/115 MP: 19/19
 13077 | Lair:1   | Reached ****** piety under Uskayaw
 13652 | Lair:1   | Noticed a boulder beetle
 13661 | Lair:1   | Killed a boulder beetle
 14352 | Lair:2   | Reached skill level 15 in Axes
 14401 | Lair:2   | Reached skill level 14 in Fighting
 14782 | Lair:2   | Noticed a death yak
 14800 | Lair:2   | Killed a death yak
 14843 | Lair:2   | Noticed a death yak
 14844 | Lair:2   | Noticed a death yak
 14858 | Lair:2   | Killed a death yak
 14867 | Lair:2   | Killed a death yak
 15167 | Lair:2   | Identified the +4 scimitar of Resumed Hostilities {flame,
                  | rPois rF+ Will++ Dex-5}
 15211 | Lair:2   | Found a staircase to the Snake Pit.
 15714 | Lair:3   | Noticed a death yak
 15714 | Lair:3   | Noticed a death yak
 15716 | Lair:3   | Noticed a death yak
 15852 | Lair:3   | Reached XP level 13. HP: 107/125 MP: 21/21
 15952 | Lair:3   | Reached skill level 5 in Shields
 16455 | Lair:3   | Found a staircase to the Shoals.
 16810 | Lair:3   | Reached skill level 15 in Fighting
 16997 | Lair:4   | Identified the +12 demon trident "Vefyv" {freeze, rPois rF-
                  | rCorr SInv}
 17123 | Lair:4   | Reached skill level 1 in Polearms
 17248 | Lair:4   | Reached skill level 10 in Shields
 17415 | Lair:4   | Reached XP level 14. HP: 127/136 MP: 23/23
 17724 | Lair:4   | Found a runed translucent door.
 17724 | Lair:4   | Noticed Benucw's ghost (journeyman DEFE)
 17776 | Lair:4   | Found a stormy altar of Qazlal.
 18243 | Orc:1    | Entered Level 1 of the Orcish Mines
 18486 | Orc:1    | Reached skill level 16 in Fighting
 18639 | Orc:1    | Found Cyhaoll's Vocational Training.
 18754 | Orc:2    | Entered Level 2 of the Orcish Mines
 18963 | Orc:2    | Noticed Nessos
 19074 | Orc:2    | Killed Nessos
 19161 | Orc:2    | Found a flickering gateway to a bazaar.
 19173 | Bazaar   | Entered a bazaar
 19173 | Bazaar   | Found Pula's Jewellery Shoppe.
 19184 | Bazaar   | Found Huoser's Distillery.
 19190 | Bazaar   | Found Vomudeck's Assorted Antiques.
 19194 | Bazaar   | Found Qaminur's Book Boutique.
 19210 | Bazaar   | Found Futrest's Magic Scroll Emporium.
 19218 | Bazaar   | Bought a scroll of teleportation for 21 gold pieces
 19218 | Bazaar   | Bought a scroll of blinking for 52 gold pieces
 19244 | Bazaar   | Bought a potion of heal wounds for 55 gold pieces
 19244 | Bazaar   | Bought a potion of haste for 110 gold pieces
 19256 | Bazaar   | Bought an amulet of faith for 360 gold pieces
 19319 | Orc:2    | Found a staircase to the Elven Halls.
 19448 | Orc:2    | Found Tigua's Distillery.
 19745 | Orc:2    | Found an iron altar of Okawaru.
 19800 | Orc:2    | Noticed Erolcha
 19811 | Orc:2    | Killed Erolcha
 19975 | Orc:2    | Noticed an orc warlord
 19986 | Orc:2    | Killed an orc warlord
 19986 | Orc:2    | Found Onoxtaha's Antique Armour Shoppe.
 20237 | Orc:2    | Found Boinlog's Antique Weapon Emporium.
 20334 | Orc:2    | Found Hupsuh's Antique Armour Shoppe.
 20666 | Orc:2    | Bought a potion of heal wounds for 55 gold pieces
 20666 | Orc:2    | Bought a potion of haste for 110 gold pieces
 20693 | Orc:1    | Bought a manual of Invocations for 800 gold pieces
 20772 | D:10     | Entered Level 10 of the Dungeon
 20992 | D:10     | Found a shadowy altar of Dithmenos.
 20992 | D:10     | Found a hazy altar of Hepliaklqana.
 21048 | D:10     | Found a shimmering blue altar of Sif Muna.
 21071 | D:10     | Found Doihech's Antique Armour Shoppe.
 21485 | D:10     | Found a basalt altar of Yredelemnul.
 23239 | D:11     | Found a bloodstained altar of Trog.
 23489 | D:11     | Found a sacrificial altar of Ru.
 23498 | D:11     | Reached skill level 15 in Invocations
 25311 | D:12     | Noticed Urug
 25321 | D:12     | Killed Urug
 25437 | D:12     | Noticed Kirke
 25460 | D:12     | Killed Kirke
 25938 | D:13     | Reached skill level 17 in Fighting
 25999 | D:13     | Reached XP level 15. HP: 118/147 MP: 25/25
 26271 | D:13     | Noticed Jorgrun
 26282 | D:13     | Killed Jorgrun
 27216 | D:13     | Found a gate to the Vaults.
 28663 | D:14     | Reached skill level 15 in Shields
 28717 | D:14     | Reached skill level 1 in Dodging
 28964 | D:13     | HP: 2/147 [eight-headed hydra (6)]
 28964 | D:13     | Slain by an eight-headed hydra

Illustrated notes

Levels and vault maps discovered:
D:1:      scummos_arrival_hexagon, layout_basic, minmay_pentomino_q4
D:2:      layout_rooms, serial_curves, eino_curves_01, eino_curves_01,
          eino_curves_03, eino_curves_02
D:3:      layout_loops_ring, mainiacjoe_overflow_paths,
          mainiacjoe_overflow_alcove_2, serial_shops, shop
D:4:      layout_rooms, mainiacjoe_overflow_alcove_4, grunt_ministairs_7
D:5:      minmay_spotlight, layout_layer_cave, uniq_pikel
D:6:      cheibrodos_two_vegetables, layout_loops_cross,
          minmay_temple_entry_statues_fountains, gammafunk_ghost_hive
D:7:      layout_basic, dancing_weapons_uskayaw, serial_bayou,
          serial_bayou_shore_a, serial_bayou_pond_d, serial_bayou_lagoon_b,
          serial_bayou_pond_d
D:8:      layout_loops_corners, david_lair_generic, nicolae_two_hexagons,
          minmay_crystal_room
D:9:      layout_long_grid, minitemple, fedhas_altar_1, erik_orc_3,
          serial_shops, shop
D:10:     layout_loops_ring, riverfiend_overflow_shadow_ancestor,
          nicolae_sif_muna_condensation, mainiacjoe_overflow_small_starburst,
          serial_shops, shop, hangedman_stone_soup, nicolae_underground_beach
D:11:     layout_long_grid, serial_bayou, serial_bayou_lake_a,
          serial_bayou_crossing, serial_bayou_ford_a, serial_bayou_pond_e,
          kennysheep_diamond, trog_ov_bears_minmay
D:12:     layout_loops_corners, uniq_urug, uniq_kirke
D:13:     layout_cave_pods, david_vaults_5, uniq_jorgrun
D:14:     layout_long_grid
Temple:   eino_temple_lava
Lair:1:   layout_roguey, ebering_ghost_inner_flame, amcnicky_mini_pool_medium
Lair:2:   layout_loops_ring, minmay_snake_entry_guardpost_large,
          beast_lair_carwin_3
Lair:3:   nzn_motion_control, layout_chaotic_city, elwin_shoals_entry_stream,
          chequers_serial_rivers_micro_e, kilobyte_rumbling_trees
Lair:4:   layout_small_grid, gammafunk_ghost_grave,
          nicolae_quartered_pool_impasse, lemuel_oklob_altar,
          infiniplex_staircase_pool_2
Orc:1:    layout_diamond_mine, basic_altar, nicolae_shop_vocational
Orc:2:    grunt_orc_community_town_hall, layout_caves,
          grunt_orc_community_big_house_1, grunt_orc_community_big_house_1,
          grunt_orc_community_house_3, grunt_orc_community_house_1,
          grunt_orc_community_house_1, grunt_orc_community_house_2,
          serial_shops, bzr_entry_lakeside, okawaru_metal_pillars_3,
          uniq_nessos, uniq_erolcha

Skill      XL: |  1  2  3  4  5  6  7  8  9 10 11 12 13 14 15 |
---------------+----------------------------------------------+-----
Fighting       | 4 5 7 8 10 12 13 14 15 17 | 17.5
Axes           | 3 4 7 8 10 11 12 14 16 | 16.0
Invocations    | 4 11 12 13 15 16 | 16.3
Shields        | 4 10 13 15 | 15.0
Polearms       | 2 |  2.9
Dodging        | 1 |  1.0
Armour         | |  3.9

Action                   |  1- 3 |  4- 6 |  7- 9 | 10-12 | 13-15 || total
-------------------------+-------+-------+-------+-------+-------++-------
Melee: War axe           |   124 |    22 |   284 |   387 |   747 ||  1564
       Headbutt          |    17 |     3 |    50 |    96 |   223 ||   389
       Demon trident     |       |       |       |       |    69 ||    69
       Morningstar       |       |       |       |       |     6 ||     6
Throw: Throwing net      |       |       |     1 |       |       ||     1
Invok: Line Pass         |       |       |     2 |     2 |     4 ||     8
       Grand Finale      |       |       |       |     1 |     3 ||     4
Evoke: Wand              |       |       |     8 |     1 |     7 ||    16
  Use: Potion            |       |     1 |     2 |     1 |     3 ||     7
       Scroll            |       |       |     8 |     2 |    16 ||    26
 Stab: Paralysed         |       |       |     2 |    40 |   116 ||   158
       Invisible         |       |       |       |       |     3 ||     3
Armor: Scale mail        |    52 |    15 |     7 |       |   110 ||   184
       Plate armour      |       |       |   160 |   144 |   171 ||   475
Dodge: Dodged            |    49 |    13 |    84 |    62 |   173 ||   381
Block: Buckler           |    28 |    13 |    67 |     2 |       ||   110
       Kite shield       |       |       |       |   133 |   450 ||   583
